 Dungeon Crawl Stone Soup version 0.20.1-1-g8b1a95d (webtiles) character file.

27997 greenice the Warrior (level 13, -7/130 HPs)
             Began as a Minotaur Fighter on Aug 16, 2017.
             Was a High Priest of Okawaru.
             Mangled by a sixfirhy (11 damage)
             ... summoned by an orc sorcerer
             ... on level 2 of the Orcish Mines.
             The game lasted 00:51:48 (19409 turns).

greenice the Warrior (Minotaur Fighter)            Turns: 19409, Time: 00:51:49

Health: -7/130     AC: 18    Str: 22    XL:     13   Next: 7%
Magic:  12/12      EV:  9    Int:  7    God:    Okawaru [*****.]
Gold:   1248       SH: 10    Dex: 20    Spells: 12/12 levels left

rFire    . . .     SeeInvis .   E - +0 scimitar (holy)
rCold    . . .     Gourm    .   c - +0 shield
rNeg     . . .     Faith    .   N - +1 plate armour {MR+}
rPois    +         Spirit   .   D - +0 hat
rElec    .         Reflect  .   B - +0 cloak
rCorr    .         Harm     .   (no gloves)
MR       ++...                  (no boots)
Stlth    ..........             F - amulet of rage
Regen    0.4/turn               l - +4 ring of evasion
MPRegen  0.2/turn               z - +6 ring of dexterity

@: berserk cooldown, slowed, drained, very slow
A: retaliatory headbutt, horns 2, blurry vision 1, clever 1, magic resistance 1,
poison resistance
a: Heroism, Finesse, Renounce Religion, Evoke Berserk Rage


You were on level 2 of the Orcish Mines.
You worshipped Okawaru.
Okawaru was extremely pleased with you.
You were hungry.

You visited 3 branches of the dungeon, and saw 16 of its levels.
You also visited: Sewer.

You collected 1284 gold pieces.
You spent 36 gold pieces at shops.

Inventory:

Hand Weapons
 E - a +0 scimitar of holy wrath (weapon)
 K - a +0 blowgun
 T - a +2 war axe of flaming
 V - a +2 triple sword of slicing
 W - a +2 flail of distortion
Armour
 c - a +0 shield (worn)
 n - a +0 large shield
 B - a +0 cloak (worn)
 D - a +0 hat (worn)
 N - a +1 plate armour of magic resistance (worn)
Jewellery
 d - an uncursed ring of resist corrosion
 l - a +4 ring of evasion (left hand)
 z - a +6 ring of dexterity (right hand)
 F - an amulet of rage (around neck)
Wands
 g - a wand of polymorph (4/24)
 m - a wand of iceblast (7/15)
 t - a wand of iceblast (5/15)
 y - a wand of enslavement (14/24)
 A - a wand of lightning (6/15)
 J - a wand of acid (8/15)
 O - a wand of confusion (29/48)
 Q - a wand of iceblast (7/15)
 R - a wand of digging (2/24)
 S - a wand of random effects (29/48)
Scrolls
 j - 7 scrolls of remove curse
 k - 10 scrolls of teleportation
 o - 2 scrolls of blinking
 q - a scroll of enchant weapon
 r - 9 scrolls of identify
 s - a scroll of silence
 w - a scroll of torment {unknown}
 G - 2 scrolls of enchant armour
 H - 2 scrolls of recharging {unknown}
 L - 3 scrolls of magic mapping
 M - a scroll of random uselessness {unknown}
 P - a scroll of amnesia {unknown}
Potions
 e - a potion of resistance {unknown}
 h - a potion of agility {unknown}
 p - 3 potions of curing
 u - a potion of heal wounds
 v - 2 potions of magic
 x - 2 potions of flight
 C - a potion of ambrosia {unknown}
 I - a potion of cancellation {unknown}
Comestibles
 a - 4 chunks of flesh
 b - 2 meat rations
 f - 10 bread rations
 i - 9 royal jellies
 U - a fruit


   Skills:
 + Level 16.6(16.0) Fighting
 - Level 15.0(14.5) Long Blades
 - Level 13.1(12.6) Armour
 - Level 3.6(3.2) Shields


You had 12 spell levels left.
You didn't know any spells.

Dungeon Overview and Level Annotations

Branches:
Dungeon (13/15)            Temple (1/1) D:4            Lair (0/6) D:10
    Orc (2/2) D:10            Elf (0/3) Orc:2
 Vaults: D:13-14

Altars:
Ashenzari
Cheibriados
Dithmenos
Elyvilon
Fedhas
Gozag
Hepliaklqana
Kikubaaqudgha
Makhleb
Nemelex Xobeh
Okawaru
Qazlal
Ru
Sif Muna
Trog
Uskayaw
Vehumet
Xom
Yredelemnul
Zin
The Shining One
Beogh

Shops:
D:6 %   D:7 (   D:8 =   D:9 (?   Orc:2 [

Annotations:
D:13 Nessos


Innate Abilities, Weirdness & Mutations

You reflexively headbutt those who attack you in melee.
You have a pair of horns on your head.
Scrolls take you a little longer to read.
Your mind is acute. (Int +2)
You are resistant to hostile enchantments. (MR+)
Your system is resistant to poisons. (rPois)


Message History

The sixfirhy hits you. The sixfirhy shocks you!
* * * LOW HITPOINT WARNING * * *
The sixfirhy hits you but does no damage. x3
The orc wizard casts a cantrip, but nothing happens.
The orc sorcerer casts a spell.
The orc priest looks satisfied for a moment.
The sixfirhy hits you but does no damage.
The orc priest invokes the aid of Beogh against you.
Beogh smites you!
* * * LOW HITPOINT WARNING * * *
You block the sixfirhy's attack. The orc sorcerer casts a spell at you.
The bolt of negative energy hits the sixfirhy.
The sixfirhy completely resists.
The bolt of negative energy hits you!
You feel drained.
* * * LOW HITPOINT WARNING * * *
The sixfirhy hits you.
* * * LOW HITPOINT WARNING * * *
The sixfirhy shocks you!
You die...

###....####.)).....#..##......
##.#.....# ##[<....######.....)
#.......####.#.)....# ###......
##.......##...).....###........
#.......##.)..................
#####...#...).................
#............#..........#..
#...........##........####.
##........@###........# ##.
#........3##.........###..
####........o.#...........##.
#.#........o4oo...........#.#
##......#....o.o.....#.......
#.....###........(#####.....#
###......#..)[.o...######.....#
#.......###.........##....[....
##.......#......).........)...#


You could see an orc knight, a sixfirhy, an orc sorcerer, a red devil, an orc
warrior, an orc priest, an orc wizard and 2 orcs.

Vanquished Creatures
  Rupert (Orc:2)
  The ghost of Feta the Geomancer, a journeyman FoEE of Vehumet (Orc:2)
  Josephine (D:10)
  A centaur warrior (D:10)
  4 two-headed ogres
  The ghost of KobiteSteele the Unseen, a journeyman SpAs of Dithmenos (D:12)
  2 unseen horrors (D:10)
  4 orc knights
  Pikel (D:7)
  2 ugly things
  An orc sorcerer (Orc:2)
  2 manticores (D:12)
  2 cyclopes
  Maurice (D:9)
  Joseph (D:7)
  3 trolls
  A queen bee (D:8)
  3 slime creatures (D:12)
  6 yaks
  5 wraiths (D:10)
  A basilisk (D:11)
  A hungry ghost (D:7)
  Menkaure (D:7)
  2 water moccasins (D:8)
  Duvessa (D:7)
  3 ice beasts
  17 orc warriors
  A black bear (D:9)
  3 sky beasts
  2 necrophages
  4 phantoms
  18 ogres
  11 centaurs
  A crocodile (Sewer)
  A big kobold (D:8)
  7 bullfrogs
  2 gnoll sergeants
  3 scorpions
  Dowan (D:7)
  25 killer bees
  A howler monkey (D:5)
  7 wights
  3 crimson imps
  A centaur zombie (D:9)
  2 bullfrog zombies
  A quasit (D:6)
  3 bullfrog skeletons
  6 hounds
  4 centaur skeletons
  8 orc priests
  4 jellies
  7 iguanas
  17 orc wizards
  7 worker ants
  A killer bee zombie (D:8)
  3 worker ant zombies
  13 gnolls
  12 adders
  3 shadow imps
  An ooze (D:2)
  An adder zombie (D:5)
  An adder skeleton (D:7)
  3 worms
  A dart slug (D:2)
  10 leopard geckos
  53 orcs
  10 giant cockroaches
  6 goblins
  6 hobgoblins
  17 jackals
  A ball python (D:3)
  11 bats
  5 frilled lizards
  A jackal skeleton (D:7)
  13 kobolds
  A quokka skeleton (D:6)
  6 rats
398 creatures vanquished.

Vanquished Creatures (others)
  4 slaves (D:7)
  A bullfrog (D:7)
  A killer bee (D:7)
  An adder (D:7)
  A leopard gecko (D:7)
8 creatures vanquished.

Grand Total: 406 creatures vanquished

Notes
Turn   | Place    | Note
-------+----------+-------------------------------------------
     0 | D:1      | greenice the Minotaur Fighter began the quest for the Orb.
     0 | D:1      | Reached XP level 1. HP: 19/19 MP: 0/0
    70 | D:1      | Reached XP level 2. HP: 18/26 MP: 1/1
   824 | D:2      | Reached XP level 3. HP: 31/31 MP: 2/2
  1206 | D:2      | Reached skill level 5 in Long Blades
  1532 | D:3      | Reached XP level 4. HP: 38/39 MP: 3/3
  1568 | D:3      | Found a glowing drain.
  1714 | Sewer    | Entered a sewer
  1864 | Sewer    | Noticed a crocodile
  1870 | Sewer    | Killed a crocodile
  1870 | Sewer    | Reached XP level 5. HP: 31/45 MP: 4/4
  1885 | Sewer    | Got a glittering wooden ring
  1970 | D:3      | Identified the ring "Qinaimo" {-Tele rN+ Str-5 Int+8 Slay+5} (You found it in a sewer)
  2236 | D:3      | Found a sacrificial altar of Ru.
  2704 | D:4      | Found a staircase to the Ecumenical Temple.
  2714 | Temple   | Entered the Ecumenical Temple
  2788 | Temple   | Became a worshipper of Warmaster Okawaru
  2832 | D:4      | Noticed an ogre
  2839 | D:4      | Killed an ogre
  2839 | D:4      | Reached XP level 6. HP: 40/51 MP: 5/5
  3269 | D:4      | Found a burning altar of Makhleb.
  3271 | D:4      | Noticed an Executioner
  3489 | D:4      | Reached * piety under Okawaru
  3565 | D:4      | Found a bloodstained altar of Trog.
  4001 | D:5      | Entered Level 5 of the Dungeon
  4009 | D:5      | Reached XP level 7. HP: 54/57 MP: 6/6
  4018 | D:5      | Found a radiant altar of Vehumet.
  4090 | D:5      | Reached skill level 10 in Long Blades
  4480 | D:4      | Reached ** piety under Okawaru
  4480 | D:4      | Reached XP level 8. HP: 53/62 MP: 7/7
  4830 | D:5      | HP: 2/62 [gnoll/halberd (9)]
  5559 | D:6      | Found a hide-covered altar of Uskayaw.
  5559 | D:6      | Found a shadowy altar of Dithmenos.
  6028 | D:6      | Found a glowing silver altar of Zin.
  6486 | D:6      | Found Roleq's Food Shop.
  6835 | D:7      | Noticed Pikel
  6848 | D:7      | Killed Pikel
  6848 | D:7      | Reached XP level 9. HP: 68/70 MP: 5/8
  7471 | D:7      | Reached *** piety under Okawaru
  7471 | D:7      | Reached skill level 15 in Long Blades
  7643 | D:7      | Noticed Joseph
  7667 | D:7      | Reached skill level 4 in Fighting
  7675 | D:7      | Killed Joseph
  7675 | D:7      | Reached skill level 5 in Fighting
  7752 | D:7      | Found Lubboll's Weapon Shop.
  7779 | D:7      | Noticed Dowan
  7791 | D:7      | Killed Dowan
  7791 | D:7      | Reached skill level 6 in Fighting
  7800 | D:7      | Noticed Duvessa
  7821 | D:7      | Killed Duvessa
  7827 | D:7      | Found a blossoming altar of Fedhas.
  8236 | D:7      | Reached skill level 7 in Fighting
  8269 | D:7      | Noticed Menkaure
  8295 | D:8      | Reached **** piety under Okawaru
  8295 | D:8      | Reached XP level 10. HP: 34/88 MP: 7/9
  8641 | D:8      | Reached skill level 8 in Fighting
  8891 | D:8      | Reached skill level 9 in Fighting
  9293 | D:8      | Reached skill level 10 in Fighting
  9761 | D:8      | Found Katzawic's Jewellery Shoppe.
  9811 | D:8      | Found a shimmering altar of Xom.
  9813 | D:8      | Found a hazy altar of Hepliaklqana.
 10172 | D:9      | Found Orickeof's Magic Scroll Boutique.
 10190 | D:9      | Found Ipri's Antique Weapon Emporium.
 10202 | D:9      | Bought a scroll of teleportation for 36 gold pieces
 10204 | D:9      | Found a glowing golden altar of the Shining One.
 10273 | D:9      | Noticed a two-headed ogre
 10274 | D:9      | Noticed a two-headed ogre
 10403 | D:7      | Killed Menkaure
 10403 | D:7      | Reached skill level 5 in Armour
 10874 | D:8      | Killed a two-headed ogre
 11205 | D:9      | Killed a two-headed ogre
 11205 | D:9      | Reached ***** piety under Okawaru
 11712 | D:9      | Found a sparkling altar of Nemelex Xobeh.
 11743 | D:9      | Found a white marble altar of Elyvilon.
 11756 | D:9      | Noticed Maurice
 11773 | D:9      | Killed Maurice
 11811 | D:9      | Reached XP level 11. HP: 100/100 MP: 10/10
 12173 | D:10     | Entered Level 10 of the Dungeon
 12389 | D:10     | Found a staircase to the Orcish Mines.
 12432 | D:10     | Noticed a centaur warrior
 12446 | D:10     | Killed a centaur warrior
 12446 | D:10     | Reached skill level 10 in Armour
 12581 | D:10     | Received a gift from Okawaru
 12635 | D:10     | Found a staircase to the Lair.
 12947 | D:10     | Noticed Josephine
 12959 | D:10     | Killed Josephine
 12998 | D:10     | Killed an unseen horror
 13294 | D:10     | Killed an unseen horror
 13843 | D:11     | Noticed a red ugly thing
 13854 | D:11     | Killed a red ugly thing
 13886 | D:11     | Gained mutation: You are resistant to hostile enchantments. (MR+) [potion of mutation]
 13886 | D:11     | Gained mutation: Your system is resistant to poisons. (rPois) [potion of mutation]
 13886 | D:11     | Gained mutation: Scrolls take you a little longer to read. [potion of mutation]
 13886 | D:11     | Gained mutation: Your mind is acute. (Int +2) [potion of mutation]
 14020 | D:11     | Noticed a two-headed ogre
 14032 | D:11     | Killed a two-headed ogre
 14032 | D:11     | Reached skill level 11 in Fighting
 14789 | D:12     | Reached skill level 12 in Fighting
 14789 | D:12     | Reached XP level 12. HP: 107/112 MP: 8/11
 15085 | D:12     | Noticed KobiteSteele's ghost (journeyman SpAs)
 15096 | D:12     | Received a gift from Okawaru
 15575 | D:12     | Reached skill level 13 in Fighting
 15952 | D:12     | Killed KobiteSteele's ghost
 16180 | D:13     | Noticed Nessos
 16181 | D:13     | Noticed a tengu warrior
 16488 | Orc:1    | Entered Level 1 of the Orcish Mines
 16906 | D:10     | Reached skill level 14 in Fighting
 17456 | Orc:2    | Entered Level 2 of the Orcish Mines
 17456 | Orc:2    | Noticed a two-headed ogre
 17467 | Orc:2    | Killed a two-headed ogre
 17970 | Orc:2    | Found a staircase to the Elven Halls.
 17977 | Orc:2    | Noticed Feta's ghost (journeyman FoEE)
 17990 | Orc:2    | Killed Feta's ghost
 17990 | Orc:2    | Reached skill level 15 in Fighting
 18221 | Orc:2    | Found a roughly hewn altar of Beogh.
 18340 | Orc:2    | Noticed Rupert
 18365 | Orc:2    | Killed Rupert
 18365 | Orc:2    | Received a gift from Okawaru
 18709 | Orc:2    | Reached skill level 16 in Fighting
 18710 | Orc:2    | Found Tytule's Armour Shop.
 19341 | Orc:2    | Reached XP level 13. HP: 126/130 MP: 12/12
 19409 | Orc:2    | HP: 4/130 [sixfirhy[an orc sorcerer] (5)]
 19409 | Orc:2    | Mangled by a sixfirhy

Skill      XL: |  1  2  3  4  5  6  7  8  9 10 11 12 |
---------------+-------------------------------------+-----
Long Blades    | 3 4 5 6 7 9 11 14 15 | 15.0
Fighting       | 7 10 12 16 | 16.6
Armour         | 9 13 | 13.1
Shields        | |  3.6

Action                   |  1- 3 |  4- 6 |  7- 9 | 10-12 | 13-15 || total
-------------------------+-------+-------+-------+-------+-------++-------
Melee: Long sword        |    79 |   129 |   373 |   572 |       ||  1153
       Headbutt          |    18 |    27 |    81 |   235 |     7 ||   368
       Triple sword      |       |       |       |   124 |       ||   124
       Scimitar          |       |       |       |    92 |    24 ||   116
Invok: Heroism           |       |       |     6 |    22 |     1 ||    29
 Abil: Evoke Berserk Rag |       |       |     1 |     7 |     1 ||     9
  Use: Scroll            |     3 |       |       |     9 |       ||    12
       Potion            |       |     1 |     5 |    11 |       ||    17
 Stab: Invisible         |       |       |       |     2 |       ||     2
  Eat: Chunk             |     2 |     3 |    13 |    35 |       ||    53
       Meat ration       |       |     1 |       |       |       ||     1
       Fruit             |       |       |     1 |     5 |       ||     6
       Royal jelly       |       |       |     2 |     1 |       ||     3
Armor: Scale mail        |    33 |    50 |   117 |    56 |       ||   256
       Plate armour      |       |       |       |   281 |     9 ||   290
Dodge: Dodged            |    17 |    37 |    80 |   194 |     4 ||   332
Block: Shield            |    47 |    63 |   160 |   288 |    13 ||   571
       Rpst.: Long sword |     5 |     6 |    21 |    21 |       ||    53
       Triple sword      |       |       |       |    18 |       ||    18
       Scimitar          |       |       |       |     1 |       ||     1
